 Dungeon Crawl Stone Soup version 0.24-a0-368-g0e0cebd0f3 (webtiles) character file.

Game seed: 16413845195378921081

8671 emperorscorpion the Slicer (level 11, -11/87 HPs)
             Began as a Vine Stalker Berserker on May 28, 2019.
             Was a High Priest of Trog.
             Mangled by Erolcha
             ... wielding a +0 giant club
              (32 damage)
             ... while paralysed by Erolcha
             ... on level 11 of the Dungeon.
             The game lasted 00:20:05 (8403 turns).

emperorscorpion the Slicer (Vine Stalker Berserker) Turns: 8403, Time: 00:20:06

Health: -11/87     AC: 10    Str: 27    XL:     11   Next: 34%
Magic:  0/12       EV:  2    Int:  7    God:    Trog [*****.]
Gold:   634        SH:  0    Dex: 15    Spells: 10/10 levels left

rFire    . . .     SeeInvis .   a - +0 short sword (protect)
rCold    . . .     Gourm    .   (no shield)
rNeg     . . .     Faith    .   j - +0 ring mail
rPois    .         Spirit   +   (no helmet)
rElec    .         Reflect  .   Q - +1 cloak
rCorr    .         Harm     .   M - +1 pair of gloves
MR       +....                  (no boots)
Stlth    ..........             (no amulet)
HPRegen  0.64/turn              (no ring)
MPRegen  0.13/turn              (no ring)

@: paralysed, berserking (expiring), barbed spikes
A: fangs 3, regeneration 1, magic shield, antimagic bite, no potion heal 3, rot
immunity
a: Berserk, Trog's Hand, Brothers in Arms, Renounce Religion


You were on level 11 of the Dungeon.
You worshipped Trog.
Trog was extremely pleased with you.
You were very hungry.

You visited 1 branch of the dungeon, and saw 11 of its levels.

You collected 634 gold pieces.

Inventory:

Hand Weapons
 a - a +0 short sword of protection (weapon)
 b - a +2 arbalest of flaming
 f - a +0 short sword
 t - a cursed -2 rapier
 R - a +4 dagger of distortion
Missiles
 o - 5 silver javelins
 r - 31 poisoned darts (quivered)
 B - 84 bolts
 N - 4 throwing nets
 S - 7 boomerangs
 T - 7 javelins
Armour
 j - a +0 ring mail (worn)
 z - a +0 animal skin
 G - a +0 pair of gloves
 M - a +1 pair of gloves (worn)
 Q - a +1 cloak (worn)
Magical Staves
 A - an uncursed staff of power {unknown}
Jewellery
 l - an uncursed ring of stealth {unknown}
Wands
 s - a wand of random effects (10)
 u - a wand of enslavement (7)
 J - a wand of acid (9)
Scrolls
 d - 26 scrolls of identify {unknown}
 e - 4 scrolls of fear {unknown}
 g - 3 scrolls of immolation {unknown}
 n - a scroll of noise {unknown}
 p - 3 scrolls of fog {unknown}
 q - 3 scrolls of magic mapping {unknown}
 v - a scroll of blinking {unknown}
 y - a scroll of amnesia {unknown}
 C - 4 scrolls of enchant armour {unknown}
 D - 4 scrolls of teleportation {unknown}
 F - a scroll of enchant weapon {unknown}
 H - 2 scrolls of remove curse {unknown}
 K - 2 scrolls of acquirement {unknown}
 O - a scroll of random uselessness {unknown}
Potions
 h - 9 potions of curing {unknown}
 i - 3 potions of brilliance {unknown}
 k - 3 potions of flight {unknown}
 m - 3 potions of heal wounds {unknown}
 w - 3 potions of mutation {unknown}
 x - 2 potions of cancellation {unknown}
 E - 2 potions of haste {unknown}
 I - a potion of lignification {unknown}
 L - a potion of invisibility {unknown}
 P - a potion of degeneration {unknown}
 V - a potion of berserk rage {unknown}
Comestibles
 c - 18 rations
 U - 3 chunks of flesh


   Skills:
 + Level 6.5 Fighting
 + Level 10.0 Short Blades
 + Level 5.2 Throwing
 + Level 6.1 Armour
 + Level 5.4 Dodging
 + Level 6.4 Stealth
 + Level 0.1 Evocations


You had 10 spell levels left.
You didn't know any spells.
Your spell library contained the following spells:

 Spells                   Type           Power        Failure   Level  Hunger
 Sting                    Conj/Pois      #...         54%         1    ##.....
 Poisonous Vapours        Pois/Air       #.....       69%         2    ###....
 Mephitic Cloud           Conj/Pois/Air  #.......     89%         3    ####...
 Olgreb's Toxic Radiance  Pois           #.......     100%        4    #####..
 Venom Bolt               Conj/Pois      #.........   100%        5    ######.


Dungeon Overview and Level Annotations

Branches:
Dungeon (11/15)            Temple (0/1) D:4
   Lair: D:8-11         Orc: D:9-12

Altars:
Ashenzari
Cheibriados
Elyvilon
Fedhas
Okawaru
Trog
Uskayaw
Yredelemnul
Zin
The Shining One

Shops:
D:10 (

Annotations:
D:11 Erolcha


Innate Abilities, Weirdness & Mutations

You have razor-sharp teeth.
Your natural rate of healing is unusually fast.
When hurt, damage is shared between your health and your magic reserves.
Your bite disrupts and absorbs the magic of your enemies.
Potions cannot restore your health.
You are immune to rotting.


Message History

You suddenly lose the ability to move!
Erolcha hits you with a +0 giant club!
The orc wizard mumbles some strange words.
The orc wizard blinks!
The manticore flicks its tail.
The volley of spikes hits you.
The barbed spikes become lodged in your body.
Erolcha drinks a potion.
Erolcha seems to grow stronger.
A bullfrog zombie comes into view.
The hound completely misses you.
The manticore flicks its tail.
The volley of spikes hits you!
The barbed spikes become lodged in your body.
Erolcha hits you with a +0 giant club!!
* * * LOW HITPOINT WARNING * * *
The hound bites you but does no damage.
The orc wizard casts a spell.
The orc wizard seems to speed up.
The hound bites you but does no damage. Erolcha hits you with a +0 giant club!!
You die...

...............
..............##
..................
...(..............
....(o(H.......>..
.....o....$.......
......O§........(.
#.h@(.........
####).........
#.)..Z.....
#.[)#...... #.<.#
..... ##### ....
... .. .


You could see Erolcha, a manticore, a hound, an orc wizard, an orc and a
bullfrog zombie.

Vanquished Creatures
  Harold (D:8)
  A two-headed ogre (D:9)
  Pikel (D:4)
  Psyche (D:9)
  Joseph (D:9)
  A komodo dragon (D:9)
  A troll (D:11)
  A wraith (D:10)
  A wyvern (D:9)
  9 yaks
  Menkaure (D:4)
  2 orc warriors
  3 sky beasts
  4 ice beasts
  3 black bears (D:8)
  A centaur (D:9)
  A phantom (D:9)
  4 ogres
  5 bullfrogs
  A gnoll sergeant (D:4)
  A wyvern zombie (D:10)
  2 water moccasin skeletons (D:9)
  5 scorpions
  3 howler monkeys
  5 crimson imps
  2 centaur zombies
  A jelly (D:6)
  2 bullfrog zombies (D:8)
  8 orc priests
  A centaur skeleton (D:5)
  7 orc wizards
  2 bullfrog skeletons (D:10)
  3 hounds
  Ijyb (D:4)
  7 iguanas
  6 worker ants
  A killer bee zombie (D:5)
  A hound zombie (D:7)
  2 howler monkey zombies
  2 worker ant zombies
  4 gnolls (D:4)
  13 adders
  2 shadow imps
  2 adder zombies
  2 worms (D:2)
  3 leopard geckos
  27 orcs
  12 bats
  3 giant cockroaches
  6 goblins
  10 hobgoblins
  6 jackals
  7 kobolds
  6 quokkas
  2 ball pythons
  7 frilled lizards
  A quokka skeleton (D:8)
  A quokka zombie (D:5)
  7 rats
226 creatures vanquished.

Notes
Turn   | Place    | Note
-------+----------+-------------------------------------------
     0 | D:1      | emperorscorpion the Vine Stalker Berserker began the quest
                  | for the Orb.
     0 | D:1      | Reached XP level 1. HP: 11/11 MP: 2/2
   369 | D:1      | Reached XP level 2. HP: 16/16 MP: 3/3
   402 | D:1      | Reached skill level 3 in Short Blades
   495 | D:1      | Reached XP level 3. HP: 9/20 MP: 4/4
   902 | D:1      | Reached ** piety under Trog
  1286 | D:2      | Noticed a bullfrog
  1294 | D:2      | Killed a bullfrog
  1294 | D:2      | Gained mutation: Your natural rate of healing is unusually
                  | fast. [Vine Stalker growth]
  1294 | D:2      | Reached XP level 4. HP: 19/24 MP: 2/5
  1603 | D:2      | Reached skill level 1 in Stealth
  1603 | D:2      | Reached XP level 5. HP: 28/28 MP: 6/6
  1988 | D:3      | Reached skill level 4 in Short Blades
  1993 | D:3      | Found a faded altar of an unknown god.
  2254 | D:3      | You fall into a shaft and drop 3 floors!
  2268 | D:6      | Found a glowing silver altar of Zin.
  2276 | D:6      | Found a shattered altar of Ashenzari.
  2322 | D:5      | Entered Level 5 of the Dungeon
  2379 | D:4      | Noticed Ijyb
  2385 | D:4      | Killed Ijyb
  2386 | D:4      | Reached XP level 6. HP: 33/33 MP: 5/7
  2763 | D:4      | Noticed a slave
  2765 | D:4      | Noticed a slave
  2766 | D:4      | Noticed Pikel
  2768 | D:4      | Noticed a slave
  2775 | D:4      | Noticed a slave
  2780 | D:4      | Killed Pikel
  2780 | D:4      | Reached skill level 5 in Short Blades
  2780 | D:4      | Reached XP level 7. HP: 37/37 MP: 8/8
  2815 | D:4      | Found a hide-covered altar of Uskayaw.
  2855 | D:4      | Found a staircase to the Ecumenical Temple.
  2982 | D:4      | Found a glowing golden altar of the Shining One.
  3023 | D:4      | Noticed Menkaure
  3028 | D:4      | Killed Menkaure
  3028 | D:4      | Gained mutation: You have razor-sharp teeth. [Vine Stalker
                  | growth]
  3028 | D:4      | Reached XP level 8. HP: 37/42 MP: 4/9
  3124 | D:4      | Reached *** piety under Trog
  3127 | D:4      | Reached skill level 1 in Throwing
  3703 | D:5      | Found a white marble altar of Elyvilon.
  3801 | D:5      | Found a basalt altar of Yredelemnul.
  3891 | D:5      | Reached skill level 6 in Short Blades
  4183 | D:6      | Found a blossoming altar of Fedhas.
  4733 | D:7      | Reached skill level 5 in Fighting
  4733 | D:7      | Reached XP level 9. HP: 47/47 MP: 10/10
  4919 | D:7      | Reached **** piety under Trog
  4919 | D:7      | Reached skill level 7 in Short Blades
  5204 | D:7      | Found an iron altar of Okawaru.
  5319 | D:8      | Found a flagged portal.
  5447 | D:8      | Reached skill level 8 in Short Blades
  5582 | D:8      | Found a bloodstained altar of Trog.
  5624 | D:8      | Noticed Harold
  5643 | D:8      | Killed Harold
  5643 | D:8      | Reached skill level 5 in Armour
  5643 | D:8      | Reached XP level 10. HP: 36/53 MP: 11/11
  6206 | D:9      | Noticed Joseph
  6218 | D:9      | Killed Joseph
  6218 | D:9      | Reached skill level 9 in Short Blades
  6311 | D:9      | Noticed a two-headed ogre
  6326 | D:9      | Killed a two-headed ogre
  6378 | D:9      | Reached skill level 5 in Dodging
  6381 | D:9      | Reached skill level 5 in Stealth
  6393 | D:9      | Noticed Psyche
  6535 | D:9      | Killed Psyche
  6585 | D:9      | Reached ***** piety under Trog
  6839 | D:9      | Found a snail-covered altar of Cheibriados.
  6951 | D:9      | Reached XP level 11. HP: 53/56 MP: 12/12
  7396 | D:10     | Entered Level 10 of the Dungeon
  7528 | D:10     | Found Norho's Weapon Shoppe.
  7537 | D:10     | Received a gift from Trog
  7921 | D:10     | Reached skill level 5 in Throwing
  7965 | D:10     | Reached skill level 10 in Short Blades
  8368 | D:11     | Noticed a manticore
  8385 | D:11     | Noticed Erolcha
  8399 | D:11     | Paralysed by Erolcha for 7 turns
  8403 | D:11     | Mangled by Erolcha

Levels and vault maps discovered:
D:1:      minmay_arrival_four_houses, layout_basic, minmay_tall_x
D:2:      layout_loops_ring, ebering_dispersal_statue_hall
D:3:      layout_rooms, first_ration, chequers_ecumenical_altar_simple,
          minivault_25
D:4:      layout_rooms, kennysheep_mini, lemuel_doored_altar,
          minmay_temple_entry_statues_pillars, minivault_1, uniq_menkaure,
          uniq_ijyb, uniq_pikel
D:5:      wander_river, layout_loops_corners, kennysheep_ying_yang,
          serial_park_tiny_pond, grunt_ministairs_4, kennysheep_generic_room_6
D:6:      layout_gridville, chequers_temple_overflow_statue_of_worship
D:7:      layout_basic, kennysheep_mini_moat
D:8:      layout_basic, enter_bailey_6, grunt_ogre_cave, trog_butcher_becter,
          uniq_harold
D:9:      layout_gridville, lemuel_round_altar, uniq_joseph, uniq_psyche
D:10:     layout_loops_ring, serial_shops, shop, item_on_display_a
D:11:     layout_rooms, erik_lair_orcish_takeover, serial_shops, shop,
          nicolae_shop_stone, shop, shop, enter_trove_1, nrook_loot_triangle,
          uniq_erolcha

Skill      XL: |  1  2  3  4  5  6  7  8  9 10 11 |
---------------+----------------------------------+-----
Short Blades   | 3 4 5 6 8 9 10 | 10.0
Fighting       | 3 4 5 6 |  6.5
Dodging        | 2 3 4 5 |  5.4
Stealth        | 1 2 3 4 5 6 |  6.4
Armour         | 2 3 4 5 6 |  6.1
Throwing       | 2 3 4 5 |  5.2
Evocations     | |  0.1

Action                   |  1- 3 |  4- 6 |  7- 9 | 10-12 || total
-------------------------+-------+-------+-------+-------++-------
Melee: Short sword       |    75 |   123 |   277 |   241 ||   716
       Bite              |    18 |    23 |   115 |   103 ||   259
Throw: Dart              |       |     4 |    17 |    51 ||    72
       Javelin           |       |       |     8 |     1 ||     9
Invok: Berserk           |     5 |    11 |    14 |    12 ||    42
Evoke: Wand              |       |       |       |     1 ||     1
 Stab: Sleeping          |       |     1 |     1 |     8 ||    10
       Distracted        |       |       |     1 |     1 ||     2
  Eat: Chunk             |     5 |    15 |    12 |    13 ||    45
       Ration            |       |       |     3 |     2 ||     5
Armor: Animal skin       |    15 |       |       |       ||    15
       Ring mail         |       |    42 |    93 |    50 ||   185
Dodge: Dodged            |    43 |    68 |   142 |   101 ||   354

Table legend:
 A = Non-vault XP
 B = Vault XP
 C = Vault XP percentage of total XP
 D = Non-vault monster count
 E = Vault monster count
 F = Vault count percentage of total count
                 A         B        C        D         E       F
            +---------+---------+-------+---------+---------+-------
      Total |    9112 |    3276 |  26.4 |     208 |      18 |   8.0
            +---------+---------+-------+---------+---------+-------
        D:1 |      38 |       7 |  15.6 |      22 |       4 |  15.4
        D:2 |     163 |       0 |   0.0 |      22 |       0 |   0.0
        D:3 |      70 |       0 |   0.0 |      21 |       0 |   0.0
        D:4 |     299 |     861 |  74.2 |      17 |       3 |  15.0
        D:5 |     169 |     167 |  49.7 |       8 |       3 |  27.3
        D:6 |     180 |       0 |   0.0 |       6 |       0 |   0.0
        D:7 |     888 |       0 |   0.0 |      22 |       0 |   0.0
        D:8 |    1334 |    1359 |  50.5 |      27 |       6 |  18.2
        D:9 |    3113 |     882 |  22.1 |      26 |       2 |   7.1
       D:10 |    2413 |       0 |   0.0 |      32 |       0 |   0.0
       D:11 |     445 |       0 |   0.0 |       5 |       0 |   0.0
            +---------+---------+-------+---------+---------+-------
